AoeStats
← Grey

Arabia

504025419Analyzed
1v1 RM · 1mo ago on Sep 3, 2026· 49m 11s· 2 players
Game mode
Random Map
Map size
Tiny (2 player)
Population
200
Speed
Normal
Resources
Standard
Victory
Conquest
Starting age
Dark Age
Ending age
Imperial Age
RankedLock teamsTeams togetherTeam positionsShared explorationLock speedFull tech treeHidden civsTurbo modeCheats
Victory
Defeat
🇺🇸 Berbers · United States
858
+28
🇩🇪 Khmer · Germany
823
-14
jo8er
8:03 Loom
12:32 Feudal Age
13:15 Man-at-Arms
14:34 Scale Mail Armor
15:01 Forging
20:56 Castle Age
18:46 Town Watch
19:38 Double-Bit Axe
20:49 Scale Barding Armor
20:39 Fletching
21:08 Bloodlines
22:04 Gold Mining
23:50 Gold Shaft Mining
23:33 Horse Collar
25:06 Pikeman
29:07 Scale Mail Armor
29:43 Iron Casting
29:40 Husbandry
32:39 Bow Saw
33:38 Stone Mining
39:39 Wheelbarrow
40:00 Chain Barding Armor
41:57 Hand Cart
46:12 Imperial Age
47:39 Double Crossbow
47:52 Bodkin Arrow
49:12 Blast Furnace
Grey
3:08 Loom
11:22 Feudal Age
11:57 Double-Bit Axe
12:07 Gold Mining
12:04 Horse Collar
15:52 Wheelbarrow
21:17 Castle Age
21:40 Scale Barding Armor
22:17 Bow Saw
23:27 Chain Barding Armor
24:07 Bloodlines
25:02 Forging
26:59 Husbandry
30:01 Town Watch
30:19 Scale Mail Armor
30:55 Iron Casting
32:48 Chain Mail Armor
32:15 Pikeman
33:43 Hand Cart
34:59 Fletching
37:06 Squires
36:55 Arson
38:43 Bodkin Arrow
38:48 Padded Archer Armor
41:42 Imperial Age
40:34 Fervor
40:46 Leather Archer Armor
41:46 Ballistics
43:21 Plate Mail Armor
43:52 Blast Furnace
44:23 Chemistry
42:55 Capped Ram
46:08 Plate Barding Armor
45:33 Bracer
45:49 Masonry
Connection lost

Rejoining the realm…

Still unreachable

The connection could not be restored.

Session expired

The server has moved on; the page needs a fresh start.